 Dungeon Crawl Stone Soup version 0.29.0-13-gc9e81de378 (webtiles) character file.

Game seed: 5111551303000480864

21 AttackTheMoon the Sneak (level 2, -5/20 HPs)
             Began as a Gargoyle Delver on Sept 9, 2022.
             Slain by an orc
             ... wielding a +0 falchion
              (7 damage)
             ... on level 4 of the Dungeon.
             The game lasted 00:00:39 (215 turns).

AttackTheMoon the Sneak (Gargoyle Delver)            Turns: 215, Time: 00:00:40

Health: -5/20      AC:  5    Str: 15    XL:     2   Next: 83%
Magic:  2/2        EV: 11    Int: 10    God:
Gold:   0          SH:  0    Dex: 11    Spells: 1/1 levels left

rFire   . . .      SeeInvis .   a - +0 mace
rCold   . . .      Faith    .   (no shield)
rNeg    + . .      Spirit   .   b - +0 leather armour
rPois   ∞          Reflect  .   (no helmet)
rElec   +          Harm     .   (no cloak)
rCorr   .          Rampage  .   (no gloves)
Will    .....                   (no boots)
Stlth   +++.......              (no amulet)
HPRegen 0.06/turn               (no ring)
MPRegen 0.08/turn               (no ring)

@: no status effects
A: sickness immunity, AC +2, negative energy resistance 1, electricity
resistance, torment resistance 1, petrification resistance
a: no special abilities


You were on level 4 of the Dungeon.
You visited 1 branch of the dungeon, and saw 2 of its levels.

Inventory:

Hand Weapons
 a - a +0 mace (weapon)
Armour
 b - a +0 leather armour (worn)
Wands
 g - a wand of digging (3)
Scrolls
 c - a scroll of fog
 d - a scroll of magic mapping
Potions
 f - a potion of haste


   Skills:
 + Level 3.7 Fighting
 + Level 2.4 Maces & Flails
 - Level 1.5 Dodging
 + Level 5.8 Stealth


You had one spell level left.
You didn't know any spells.
Your spell library was empty.

Dungeon Overview and Level Annotations

Branches:
Dungeon (5/15)
 Temple: D:4-7

Altars:


Innate Abilities, Weirdness & Mutations

You are immune to sickness and miasma.
Your stone body is resilient. (AC +2)
You are immune to poison.
You resist negative energy. (rN+)
You are resistant to electric shocks. (rElec)
You are resistant to unholy torment.
You are immune to petrification.


Message History

The orc misses you. The adder bites you.
* * * LOW HITPOINT WARNING * * *
You are too injured to fight recklessly!
You are too injured to fight recklessly!
You are too injured to fight recklessly!
You are too injured to fight recklessly!
You are too injured to fight recklessly!
You are too injured to fight recklessly!
You are too injured to fight recklessly!
You are too injured to fight recklessly!
You are too injured to fight recklessly!
You are too injured to fight recklessly!
You are too injured to fight recklessly!
You are too injured to fight recklessly!
You are too injured to fight recklessly!
You are too injured to fight recklessly!
You are too injured to fight recklessly!
Okay, then.
The orc attacks as you move away! The orc hits you with a +0 hand axe.
* * * LOW HITPOINT WARNING * * *
The orc barely misses you. The adder attacks as you move away!
The adder bites you but does no damage. x2
The orc barely misses you. The adder misses you.
The orc hits you with a +0 falchion.
* * * LOW HITPOINT WARNING * * *
The orc attacks as you move away! The orc hits you but does no damage.
The adder barely misses you. The adder bites you but does no damage.
The orc attacks as you move away! The orc completely misses you.
The adder barely misses you. The adder attacks as you move away!
The adder bites you but does no damage.
You closely miss the adder.
The adder is heavily wounded.
The adder bites you but does no damage. The adder misses you.
You sock the adder!
You kill the adder!
The orc hits you but does no damage.
You see here an adder corpse.
You barely miss the orc. The orc hits you with a +0 falchion!
You die...

#.. ##..
#######... #..
.S...# #.# ....#
#.# #...# #.#
#...# #@# #.>.## .
#o# ##...##.#
###o## ##....oo#
###....###)....###
#........#...###
####........##
##.......#
#......## #..#...#


You could see 2 orcs.

Vanquished Creatures
  2 adders
  An orc (D:4)
3 creatures vanquished.

Notes
Turn   | Place    | Note
-------+----------+-------------------------------------------
     0 | D:5      | AttackTheMoon the Gargoyle Delver began the quest for the
                  | Orb.
     0 | D:5      | Reached XP level 1. HP: 14/14 MP: 1/1
    33 | D:5      | Reached XP level 2. HP: 16/19 MP: 2/2
   215 | D:4      | Slain by an orc

Illustrated notes

Levels and vault maps discovered:
D:4:      layout_layer_cave, minitemple
D:5:      minmay_octagon_keep, layout_layer_cave, minmay_temple_entry_statues,
          reono_crystal_passage

Action                   || total
-------------------------++-------
Melee: Mace              ||    16
  Use: Scroll            ||     1
 Stab: Sleeping          ||     2
Armor: Leather armour    ||    12
Dodge: Dodged            ||    17
